 Dungeon Crawl Stone Soup version 0.23.1 (webtiles) character file.

Game seed: 0

33448 Irenicus the Earth Mage (level 13, -1/105 HPs)
             Began as a Deep Dwarf Earth Elementalist on Mar 17, 2019.
             Was a High Priest of Makhleb.
             Killed from afar by Jorgrun (30 damage)
             ... with an iron shot
             ... on level 1 of the Orcish Mines.
             The game lasted 01:08:47 (7082 turns).

Irenicus the Earth Mage (DDEE)                      Turns: 7082, Time: 01:08:47

Health: -1/105     AC: 14    Str: 12    XL:     13   Next: 36%
Magic:  7/32 (23)  EV: 12    Int: 24    God:    Makhleb [*****.]
Gold:   833        SH:  5    Dex: 13    Spells: 10/26 levels left

rFire    . . .     SeeInvis .   c - +4 dagger (elec)
rCold    . . .     Gourm    .   C - +0 buckler
rNeg     . . .     Faith    .   k - +3 ring mail {rPois}
rPois    +         Spirit   .   (no helmet)
rElec    .         Reflect  .   (no cloak)
rCorr    .         Harm     .   P - +1 pair of gloves {archery}
MR       +....                  L - +0 pair of boots
Stlth    ++........             B - amulet of magic regeneration
HPRegen  0.00/turn              e - +3 ring of intelligence
MPRegen  0.48/turn              u - ring of magical power {MP+9}

@: grasped by roots, non-regenerating, constricted
A: damage resistance, heal wounds, sense surroundings 2, no regeneration
a: Heal Wounds, Minor Destruction, Lesser Servant of Makhleb, Major Destruction,
Greater Servant of Makhleb, Renounce Religion


You were on level 1 of the Orcish Mines.
You worshipped Makhleb.
Makhleb was extremely pleased with you.
You were not hungry.

You visited 3 branches of the dungeon, and saw 17 of its levels.
You also visited: Volcano.

You collected 833 gold pieces.

Inventory:

Hand Weapons
 c - a +4 dagger of electrocution (weapon)
   (You took it off a goblin on level 2 of the Dungeon)
 f - the +6 broad axe of Muikis {freeze, rPois rF+ Str+4}
   (You found it on level 12 of the Dungeon)

   It has been specially enchanted to freeze those struck by it, causing extra
   injury to most foes and up to half again as much damage against particularly
   susceptible opponents.
   It can also slow down cold-blooded creatures.
   It affects your strength (+4).
   It protects you from fire.
   It protects you from poison.
Missiles
 b - 54 stones (quivered)
 g - a throwing net {=f, !d}
Armour
 k - a +3 ring mail of poison resistance (worn)
   (You took it off Joseph on level 10 of the Dungeon)
 C - a +0 buckler (worn)
   (You found it on level 9 of the Dungeon)
 L - a +0 pair of boots (worn)
   (You found it on level 10 of the Dungeon)
 N - the +0 plate armour "Ategek" {rC+ rN+}
   (You found it on level 11 of the Dungeon)

   It protects you from cold.
   It protects you from negative energy.
 P - a +1 pair of gloves of archery (worn)
   (You found it on level 11 of the Dungeon)
 S - a +2 leather armour of fire resistance
   (You found it in a volcano)
Jewellery
 e - a +3 ring of intelligence (left hand)
   (You found it on level 1 of the Dungeon)
 l - an uncursed ring of flight {+Fly, !d}
   (You found it on level 1 of the Dungeon)
 s - an uncursed ring of stealth {Stlth+}
   (You found it on level 5 of the Dungeon)
 t - a +2 ring of evasion
   (You found it on level 5 of the Dungeon)
 u - a ring of magical power (right hand) {MP+9}
   (You found it on level 5 of the Dungeon)
 A - an uncursed ring of protection from cold {rC+, !d}
   (You found it on level 8 of the Dungeon)
 B - an amulet of magic regeneration (around neck)
   (You found it on level 9 of the Dungeon)
 D - an uncursed ring of protection from magic {MR+, !d}
   (You found it on level 9 of the Dungeon)
 F - an uncursed ring of protection from magic {MR+, !d}
   (You found it on level 9 of the Dungeon)
Wands
 y - a wand of disintegration (27)
   (You found it on level 7 of the Dungeon)
 z - a wand of flame (36)
   (You found it on level 8 of the Dungeon)
 E - a wand of acid (11)
   (You found it on level 15 of the Dungeon)
 J - a wand of scattershot (1)
   (You found it on level 10 of the Dungeon)
 Q - a wand of paralysis (7)
   (You found it on level 12 of the Dungeon)
Scrolls
 a - 3 scrolls of identify
 h - 6 scrolls of remove curse
 i - 3 scrolls of magic mapping {!r}
 j - 5 scrolls of immolation {!r}
 n - 3 scrolls of teleportation
 o - a scroll of enchant armour
 v - 3 scrolls of amnesia
 x - 3 scrolls of fog
 I - a scroll of brand weapon
 K - 2 scrolls of blinking {!r}
Potions
 m - a potion of mutation {!q}
 p - 5 potions of lignification {!q}
 q - 6 potions of curing
 r - a potion of ambrosia
 w - 3 potions of flight
 G - a potion of agility
 H - 4 potions of brilliance
 M - a potion of invisibility
 O - a potion of haste
 R - 3 potions of might {unknown}
Comestibles
 d - 16 rations


   Skills:
 - Level 4.1 Fighting
 - Level 5.4 Short Blades
 - Level 10.3 Armour
 - Level 9.3 Dodging
 - Level 6.1 Stealth
 - Level 4.4 Shields
 - Level 7.0 Spellcasting
 - Level 4.2 Conjurations
 + Level 4.6 Translocations
 - Level 4.0 Transmutations
 - Level 16.1 Earth Magic


You had 10 spell levels left.
You knew the following spells:

 Your Spells              Type           Power        Failure   Level  Hunger
a - Sandblast             Erth           ######       1%          1    None
c - Petrify               Tmut/Erth      ######..     2%          4    ###....
g - Apportation           Tloc           ####..       1%          1    None
w - Passwall              Tmut/Erth      ######..     1%          2    None
x - Stone Arrow           Conj/Erth      ######       1%          3    None
z - Lee's Rapid Deconstr  Erth           ######....   1%          5    #####..

Your spell library contained the following spells:

 Spells                   Type           Power        Failure   Level  Hunger
 Leda's Liquefaction      Hex/Erth       #####.....   4%          4    ###....
 Animate Skeleton         Necr           N/A          14%         1    None
 Confusing Touch          Hex            #.....       14%         1    None
 Summon Small Mammal      Summ           #...         14%         1    None
 Dazzling Spray           Conj/Hex       ###...       17%         3    None
 Corpse Rot               Necr           N/A          21%         2    None
 Sublimation of Blood     Necr           #.........   21%         2    None
 Summon Guardian Golem    Hex/Summ       #.......     38%         3    None
 Vampiric Draining        Necr           #.........   38%         3    None
 Bolt of Draining         Conj/Necr      ###.......   85%         5    #####..
 Agony                    Necr           #.......     98%         5    #####..
 Dispel Undead            Necr           #.......     98%         5    #####..
 Excruciating Wounds      Chrm/Necr      #.........   98%         5    #####..


Dungeon Overview and Level Annotations

Branches:
Dungeon (15/15)            Temple (1/1) D:7            Lair (0/6) D:11
    Orc (1/2) D:9          Vaults (0/5) D:13
 Depths: D:15

Altars:
Ashenzari
Cheibriados
Dithmenos
Elyvilon
Fedhas
Gozag
Hepliaklqana
Kikubaaqudgha
Makhleb
Nemelex Xobeh
Okawaru
Qazlal
Ru
Sif Muna
Trog
Uskayaw
Vehumet
Wu Jian
Xom
Yredelemnul
Zin
The Shining One
Beogh

Shops:
D:7 (   D:9 =

Annotations:
Orc:1 Jorgrun


Innate Abilities, Weirdness & Mutations

You are resistant to damage.
You can heal yourself by infusing magical energy.
You passively map the area around you.
You do not regenerate.


Message History

You block the fire bat's attack.
Aim: a fire bat (moderately wounded)
Okay, then.
A stone wall.
The wall shatters!
The blast of rock fragments hits the lindwurm!!
The blast of rock fragments hits the fire bat!!!
You kill the fire bat!
Makhleb accepts your kill.
You feel better.
You regained 8 hp, and now have 100/105 hp.
You now have 4/32 mp.
Aim: a lindwurm (heavily wounded)
The blast of sand hits the lindwurm!!
b - 55 stones The lindwurm breathes flames at you.
The blast of flame hits you.
You take 1 damage, and have 99/105 hp.
You now have 3/32 mp.
Aim: a lindwurm (almost dead, catching its breath)
The blast of sand hits the lindwurm!
You kill the lindwurm!
Makhleb accepts your kill.
b - 54 stones You see here a fire crab corpse.
Found a radiant altar of Vehumet.
G - a potion of agility Apport: a purple potion Yoink!
You pull the item towards yourself.
R - 3 purple potions (gained 1) Apport: a leather armour of fire resistance Yoink!
You pull the item towards yourself.
You now have 9/32 mp.
S - a leather armour of fire resistance You see here a fire crab corpse.
A rock wall.
You begin to meditate on the wall.
You continue meditating on the rock. x4
You finish merging with the rock.
Why would you want to do that?
A rock wall.
You begin to meditate on the wall.
You continue meditating on the rock. x3
You finish merging with the rock.
The air gets thick with the scent of sulphur.
Welcome back to the Orcish Mines!
There is a collapsed entrance here.
A rock wall.
You begin to meditate on the wall.
You continue meditating on the rock. x3
You finish merging with the rock.
You now have 833 gold pieces (gained 26).
Jorgrun Earthshaker comes into view.
He is wielding a +0 quarterstaff of crushing and wearing a +2 robe of magic resistance.
The helpless Jorgrun fails to defend himself.
You skewer Jorgrun like a kebab!!!
A rock wall.
The wall shatters!
The blast of rock fragments hits Jorgrun!
You hear a shout! x3
Jorgrun says, "May tha earth consume ye!"
Jorgrun casts a spell at you.
Roots burst forth from the earth!
The grasping roots grab you! The grasping roots constrict you.
You now have 24/32 mp.
Aim: Jorgrun, wielding a +0 quarterstaff of crushing and wearing a +2 robe of magic resistance (heavily wounded, chance to defeat MR: 0%)
Okay, then.
A rock wall.
The wall shatters!
The blast of rock fragments hits Jorgrun!
You hear a shout!
Jorgrun hits you but does no damage. The grasping roots constrict you.
You now have 20/32 mp.
A rock wall.
The wall shatters!
The blast of rock fragments hits Jorgrun.
You hear a shout! x2
Jorgrun hits you with a +0 quarterstaff of crushing!
The grasping roots constrict you.
You take 13 damage, and have 86/105 hp.
You now have 15/32 mp.
A rock wall.
The wall shatters!
The blast of rock fragments hits Jorgrun!
Jorgrun gestures at you while chanting. The iron shot hits you!!!!
Ouch! That really hurt!
* * * LOW HITPOINT WARNING * * *
x2 The grasping roots constrict you!
You take 76 damage, and have 10/105 hp.
MASSIVE DAMAGE!!
You now have 11/32 mp.
Okay, then.
Okay, then.
You feel much better. Jorgrun misses you.
* * * LOW HITPOINT WARNING * * *
The grasping roots constrict you!
You regained 19 hp, and now have 29/105 hp.
Aim: Jorgrun, wielding a +0 quarterstaff of crushing and wearing a +2 robe of magic resistance (severely wounded)
Okay, then.
A rock wall.
The wall shatters!
The blast of rock fragments hits Jorgrun!!
You hear a shout!
Jorgrun points at you and mumbles some strange words.
The iron shot hits you!!
You die...

,, ......##...#
*, , .....#
##.## * ,
..######## ,**
####..####### ,
**
###...##....# *
#.##......###
,,
###..##......#
##..g.##....###
, , *
#....@#.##..# ,
, *
#........#.##
#.....##....##
* ,* ####..
.$#### #. ..##
#.... , *
.....,, , ,
...... ,* ,,
....#.


You could see Jorgrun.

Vanquished Creatures
  Rupert (D:12)
  3 vault guards (D:13)
  The ghost of dvd the Thaumaturge, a journeyman OpFE of Vehumet (D:11)
  3 two-headed ogres
  2 tengu warriors (D:15)
  A fire crab (Volcano)
  An unseen horror (D:15)
  2 wizards
  A lindwurm (Volcano)
  An orc sorcerer (D:13)
  An ugly thing (D:11)
  2 cyclopes (D:15)
  A manticore (D:15)
  A centaur zombie (D:11)
  Joseph (D:10)
  Psyche (D:9)
  2 gargoyles
  A kobold demonologist (D:15)
  A komodo dragon (D:15)
  A yaktaur (D:13)
  A queen bee (D:12)
  3 tengu conjurers
  A troll (shapeshifter) (D:15)
  3 meliai (D:12)
  5 trolls
  2 hippogriffs
  A meliai zombie (D:15)
  2 shadows
  A wraith (D:10)
  3 wyverns
  2 humans
  3 steam dragons
  3 hungry ghosts
  11 yaks
  4 hogs (D:8)
  10 fire bats (Volcano)
  2 vampire mosquitoes (D:12)
  A soldier ant (D:12)
  3 hell hounds
  6 orc warriors
  5 ice beasts
  A sky beast (D:10)
  3 phantoms
  3 black bears
  6 ogres
  16 centaurs
  4 crocodiles
  7 bullfrogs
  A big kobold (D:10)
  3 scorpions
  A wight (D:9)
  24 killer bees
  4 howler monkeys
  2 electric eels
  7 lava snakes (Volcano)
  2 bullfrog zombies
  6 crimson imps
  A quasit (D:10)
  10 hounds
  8 orc priests
  3 centaur skeletons
  2 jellies
  13 orc wizards
  2 bullfrog skeletons
  Jessica (D:2)
  Natasha (twice) (D:3)
  9 worker ants
  2 iguanas
  2 hound skeletons
  A worker ant zombie (D:11)
  A gnoll (D:9)
  12 adders
  4 shadow imps
  An ooze (D:4)
  2 adder zombies
  2 worms
  2 dart slugs (D:1)
  8 leopard geckos
  69 orcs
  3 ball pythons
  8 bats
  5 giant cockroaches
  12 goblins
  8 hobgoblins
  19 jackals
  4 quokkas
  4 frilled lizards
  9 kobolds
  A leopard gecko skeleton (D:5)
  A quokka skeleton (D:5)
  8 rats
  2 butterflies (D:7)
431 creatures vanquished.

Vanquished Creatures (collateral kills)
  Frances (D:12)
1 creature vanquished.

Grand Total: 432 creatures vanquished

Notes
Turn   | Place    | Note
-------+----------+-------------------------------------------
     0 | D:1      | Irenicus the Deep Dwarf Earth Elementalist began the quest
                  | for the Orb.
     0 | D:1      | Reached XP level 1. HP: 15/15 MP: 3/3
   106 | D:1      | Reached XP level 2. HP: 22/22 MP: 1/4
   120 | D:1      | Reached skill level 5 in Earth Magic
   158 | D:1      | Reached skill level 2 in Spellcasting
   339 | D:1      | Reached XP level 3. HP: 21/28 MP: 3/6
   423 | D:2      | Learned a level 2 spell: Passwall
   510 | D:2      | Reached skill level 6 in Earth Magic
   672 | D:2      | Reached XP level 4. HP: 26/36 MP: 5/7
   802 | D:2      | Noticed Jessica
   809 | D:2      | Killed Jessica
   809 | D:2      | Reached skill level 1 in Short Blades
  1046 | D:3      | Reached skill level 2 in Short Blades
  1125 | D:3      | Reached XP level 5. HP: 29/42 MP: 1/8
  1146 | D:3      | Reached skill level 7 in Earth Magic
  1308 | D:3      | Noticed Natasha
  1317 | D:3      | Killed Natasha
  1317 | D:3      | Reached skill level 1 in Fighting
  1317 | D:3      | Reached XP level 6. HP: 15/51 MP: 5/9
  1326 | D:3      | Noticed Natasha
  1330 | D:3      | Killed Natasha
  1330 | D:3      | Reached skill level 1 in Transmutations
  1398 | D:4      | Reached skill level 8 in Earth Magic
  1528 | D:4      | Reached skill level 3 in Spellcasting
  1532 | D:4      | HP: 10/51 [howler monkey (3)]
  1553 | D:4      | Reached XP level 7. HP: 39/57 MP: 0/11
  1695 | D:4      | Found a hazy altar of Hepliaklqana.
  1729 | D:5      | Entered Level 5 of the Dungeon
  1762 | D:5      | You fall through a shaft!
  1856 | D:6      | Reached skill level 9 in Earth Magic
  2013 | D:5      | Reached skill level 4 in Spellcasting
  2044 | D:5      | Reached skill level 3 in Stealth
  2066 | D:5      | HP: 14/57 [adder (3)]
  2079 | D:5      | Reached skill level 10 in Earth Magic
  2166 | D:5      | Reached XP level 8. HP: 15/64 MP: 8/14
  2361 | D:5      | Reached skill level 11 in Earth Magic
  2471 | D:6      | Reached skill level 4 in Stealth
  2489 | D:6      | Reached skill level 5 in Stealth
  2751 | D:7      | Reached skill level 6 in Stealth
  2820 | D:7      | Found Vaomiwn's Antique Weapon Emporium.
  2828 | D:7      | Noticed a hippogriff
  2832 | D:7      | Killed a hippogriff
  2832 | D:7      | Reached skill level 12 in Earth Magic
  2857 | D:7      | Found a staircase to the Ecumenical Temple.
  2878 | Temple   | Entered the Ecumenical Temple
  2921 | Temple   | Became a worshipper of Makhleb the Destroyer
  3199 | D:8      | Gained mutation: You passively map the area around you.
                  | [Deep Dwarf growth]
  3199 | D:8      | Reached XP level 9. HP: 27/70 MP: 15/15
  3202 | D:8      | HP: 17/70 [hog (3)]
  3210 | D:8      | Reached skill level 13 in Earth Magic
  3397 | D:8      | Reached skill level 14 in Earth Magic
  3464 | D:8      | Reached * piety under Makhleb
  3709 | D:9      | Learned a level 5 spell: Lee's Rapid Deconstruction
  3714 | D:9      | Learned a level 4 spell: Petrify
  3764 | D:9      | HP: 15/70 [orc warrior/tomahawk (3)]
  3776 | D:9      | Noticed Psyche
  3782 | D:9      | HP: 10/70 [something/puff of flame (6)]
  3792 | D:9      | HP: 4/70 [orc priest/divine providence (14)]
  3797 | D:9      | Found a staircase to the Orcish Mines.
  3930 | D:9      | Found Ogeorievepp's Jewellery Shoppe.
  4082 | D:9      | Reached skill level 15 in Earth Magic
  4089 | D:9      | Reached XP level 10. HP: 48/78 MP: 10/17
  4179 | D:9      | Killed Psyche
  4179 | D:9      | Reached skill level 5 in Spellcasting
  4234 | D:9      | Reached ** piety under Makhleb
  4278 | D:9      | Learned a level 3 spell: Stone Arrow
  4332 | D:10     | Entered Level 10 of the Dungeon
  4383 | D:10     | Reached skill level 6 in Spellcasting
  4428 | D:10     | Reached skill level 16 in Earth Magic
  4448 | D:10     | Irenicus: ?? troll leather
  4448 | D:10     | beem: troll leather armour[1/1]: Speeds your regeneration
                  | by 0.4 HP per turn. All races but felids, draconians, and
                  | octopodes can wear this. 4AC, 4ER. Does not work on deep
                  | dwarves. Can be enchanted up to +4.
  4469 | D:10     | Reached skill level 1 in Shields
  4590 | D:10     | Reached skill level 2 in Shields
  4594 | D:10     | Reached skill level 3 in Shields
  4655 | D:10     | Noticed Joseph
  4668 | D:10     | Killed Joseph
  4668 | D:10     | Reached skill level 4 in Shields
  4728 | D:10     | Reached skill level 1 in Armour
  4759 | D:10     | Reached skill level 1 in Conjurations
  4764 | D:10     | Reached skill level 2 in Transmutations
  4774 | D:10     | Reached skill level 2 in Armour
  4848 | D:10     | Reached skill level 2 in Conjurations
  4982 | D:11     | Reached XP level 11. HP: 39/84 MP: 20/20
  5007 | D:11     | Found a runed translucent door.
  5007 | D:11     | Noticed dvd's ghost (journeyman OpFE)
  5025 | D:11     | Found a staircase to the Lair.
  5047 | D:11     | Reached *** piety under Makhleb
  5047 | D:11     | Reached skill level 3 in Armour
  5069 | D:11     | Reached skill level 3 in Transmutations
  5072 | D:11     | Reached skill level 3 in Conjurations
  5120 | D:11     | Noticed a white ugly thing
  5133 | D:11     | Killed a white ugly thing
  5191 | D:11     | Reached skill level 4 in Transmutations
  5303 | D:11     | Noticed a two-headed ogre
  5318 | D:11     | Killed a two-headed ogre
  5318 | D:11     | Reached skill level 4 in Conjurations
  5360 | D:11     | Got a heavily runed plate armour
  5361 | D:11     | Identified the +0 plate armour "Ategek" {rC+ rN+} (You
                  | found it on level 11 of the Dungeon)
  5491 | D:11     | Reached skill level 3 in Short Blades
  5543 | D:11     | Killed dvd's ghost
  5543 | D:11     | Reached skill level 7 in Spellcasting
  5650 | D:12     | Reached skill level 4 in Short Blades
  5703 | D:12     | Reached **** piety under Makhleb
  5718 | D:12     | Reached skill level 5 in Short Blades
  5817 | D:12     | You fall through a shaft!
  5817 | D:13     | Noticed a vault guard
  5817 | D:13     | Noticed an orc sorcerer
  5820 | D:13     | Noticed a vault guard
  5822 | D:13     | Killed an orc sorcerer
  5824 | D:13     | Noticed a vault guard
  5825 | D:13     | Noticed a wizard
  5827 | D:13     | Killed a vault guard
  5827 | D:13     | Reached skill level 2 in Fighting
  5827 | D:13     | Reached skill level 3 in Dodging
  5829 | D:13     | Noticed a vault guard
  5841 | D:13     | Killed a vault guard
  5841 | D:13     | Reached skill level 3 in Fighting
  5841 | D:13     | Reached skill level 4 in Dodging
  5841 | D:13     | Killed a wizard
  5841 | D:13     | Reached XP level 12. HP: 83/97 MP: 0/22
  5845 | D:13     | Noticed a vault guard
  5852 | D:13     | Killed a vault guard
  5852 | D:13     | Reached skill level 5 in Dodging
  5859 | D:13     | Found a gate to the Vaults.
  5866 | D:13     | Reached skill level 4 in Fighting
  5935 | D:13     | You fall through a shaft for 2 floors!
  5935 | D:15     | Entered Level 15 of the Dungeon
  5939 | D:15     | Noticed a tengu warrior
  5957 | D:15     | Noticed a two-headed ogre
  5967 | D:15     | HP: 18/99 [tengu conjurer/bolt of magma[a tengu warrior]
                  | (15)]
  5973 | D:15     | Killed a two-headed ogre
  5973 | D:15     | Reached skill level 6 in Dodging
  5976 | D:15     | HP: 13/99 [blast of rock fragments (19)]
  5981 | D:15     | HP: 19/99 [tengu warrior/+1 battleaxe (5)]
  5982 | D:15     | Killed a tengu warrior
  5982 | D:15     | Reached skill level 7 in Dodging
  5994 | D:15     | Reached skill level 8 in Dodging
  6056 | D:15     | Noticed a tengu warrior
  6058 | D:15     | Reached ***** piety under Makhleb
  6067 | D:15     | Killed a tengu warrior
  6067 | D:15     | Reached skill level 9 in Dodging
  6092 | D:15     | Reached skill level 4 in Armour
  6107 | D:15     | Reached skill level 5 in Armour
  6166 | D:14     | Noticed a two-headed ogre
  6175 | D:14     | Killed a two-headed ogre
  6175 | D:14     | Reached skill level 6 in Armour
  6371 | D:13     | Reached skill level 7 in Armour
  6424 | D:12     | Noticed Rupert
  6434 | D:12     | Noticed Frances
  6439 | D:12     | HP: 20/99 [Frances/+0 glaive (10)]
  6443 | D:12     | Killed Frances
  6443 | D:12     | Reached skill level 8 in Armour
  6477 | D:12     | Learned a level 1 spell: Apportation
  6484 | D:12     | Identified the Handbook of Enchanting Dark Arts
  6524 | D:12     | Got a translucent broad axe
  6525 | D:12     | Identified the +6 broad axe of Muikis {freeze, rPois rF+
                  | Str+4} (You found it on level 12 of the Dungeon)
  6541 | D:12     | Reached XP level 13. HP: 101/105 MP: 9/23
  6542 | D:12     | Reached skill level 9 in Armour
  6683 | D:12     | Killed Rupert
  6683 | D:12     | Reached skill level 10 in Armour
  6861 | Orc:1    | Entered Level 1 of the Orcish Mines
  6861 | Orc:1    | Found a roughly hewn altar of Beogh.
  6889 | Orc:1    | Found a dark tunnel.
  6902 | Volcano  | Entered a volcano
  6936 | Volcano  | Reached skill level 1 in Translocations
  6951 | Volcano  | Reached skill level 2 in Translocations
  6998 | Volcano  | Reached skill level 3 in Translocations
  7001 | Volcano  | Reached skill level 4 in Translocations
  7012 | Volcano  | Found a radiant altar of Vehumet.
  7074 | Orc:1    | Noticed Jorgrun
  7080 | Orc:1    | HP: 16/105 [Jorgrun/iron shot (70)]
  7082 | Orc:1    | Killed from afar by Jorgrun

Skill      XL: |  1  2  3  4  5  6  7  8  9 10 11 12 13 |
---------------+----------------------------------------+-----
Earth Magic    | 5 6 7 8 10 12 15 16 | 16.1
Spellcasting   | 2 3 4 6 7 |  7.0
Short Blades   | 2 5 |  5.4
Fighting       | 1 3 4 |  4.1
Transmutations | 1 2 4 |  4.0
Stealth        | 3 6 |  6.1
Shields        | 4 |  4.4
Armour         | 2 3 8 10 | 10.3
Conjurations   | 2 4 |  4.2
Dodging        | 4 9 |  9.3
Translocations | 4 |  4.6

Action                   |  1- 3 |  4- 6 |  7- 9 | 10-12 | 13-15 || total
-------------------------+-------+-------+-------+-------+-------++-------
Melee: Club              |    24 |       |       |       |       ||    24
       Dagger            |    11 |    59 |    21 |    77 |    10 ||   178
 Cast: Sandblast         |    41 |    59 |   137 |   195 |    29 ||   461
       Passwall          |     3 |     5 |    32 |    39 |     5 ||    84
       Lee's Rapid Decon |       |       |     6 |    50 |    23 ||    79
       Petrify           |       |       |       |    25 |     4 ||    29
       Stone Arrow       |       |       |       |     3 |       ||     3
       Apportation       |       |       |       |       |     2 ||     2
 Abil: Heal Wounds       |       |       |     1 |       |     1 ||     2
Evoke: Wand              |       |       |       |     7 |     5 ||    12
       Phantom mirror    |       |       |       |     1 |       ||     1
  Use: Scroll            |       |     6 |     5 |    15 |       ||    26
       Potion            |       |     2 |     8 |     5 |       ||    15
 Stab: Sleeping          |     3 |     1 |    11 |    11 |     2 ||    28
       Petrified         |       |       |       |    37 |     1 ||    38
       Petrifying        |       |       |       |     6 |     1 ||     7
       Paralysed         |       |       |       |     1 |       ||     1
  Eat: Chunk             |       |     3 |    10 |    10 |       ||    23
       Ration            |       |       |       |     5 |     2 ||     7
Armor: Robe              |    12 |       |       |       |       ||    12
       Leather armour    |     1 |    16 |    15 |     3 |       ||    35
       Ring mail         |       |       |       |    90 |     7 ||    97
       Troll leather arm |       |       |       |     2 |       ||     2
Dodge: Dodged            |    38 |    56 |    67 |   143 |    29 ||   333
Block: Buckler           |       |       |       |    56 |     4 ||    60

Levels and vault maps discovered:
D:1:      dpeg_arrival_tiny_g, layout_rooms
D:2:      layout_basic, first_ration, fountainhead, kennysheep_generic_room_11,
          uniq_jessica
D:3:      layout_rooms, chequers_garden, uniq_natasha
D:4:      layout_cave_pools, marbit_many_paths, st_stairs_8
D:5:      layout_gridville, chequers_avenue
D:6:      layout_basic
D:7:      layout_rooms, minmay_temple_entry_butterflies, serial_shops,
          nicolae_shop_window_shopping
D:8:      layout_cave_pods, grunt_livestock, kennysheep_dice
D:9:      layout_long_grid, erik_orc_4, serial_shops,
          nicolae_shop_competitors_out_of_business, onia_ninara_cookie,
          uniq_psyche
D:10:     kennysheep_steamy, layout_basic, minmay_sticks_and_stones
D:11:     layout_grid_maze, lair_entry_dummy, hellmonk_ghost_happy_afterlife
D:12:     layout_roguey, special_room [special_room_bee], minmay_librarian,
          uniq_frances, uniq_rupert
D:13:     layout_basic, grunt_vaults_entry_fortified
D:14:     gammafunk_beogh_shrine, layout_layer_cave, serial_park_gazebo
          [serial_park_minivault_5x5_8], basic_altar, uniq_snorg
D:15:     grunt_enter_depths_hoard, layout_rooms, nicolae_lava_and_water,
          fungi_pond_lemuel
Temple:   kilobyte_greek_temple
Orc:1:    layout_diamond_mine, basic_altar, enter_volcano_3, uniq_jorgrun
Volcano:  volcano_grotto [vgs_hot_hot_hot]

Table legend:
 A = Turns spent in this place as a percentage of turns spent in the entire game.
 B = Non-inter-level travel turns spent in this place as a percentage of non-inter-level travel turns spent in the entire game.
 C = Inter-level travel turns spent in this place as a percentage of turns spent in this place.
 D = Turns resting spent in this place as a percentage of non-inter-level travel turns spent in this place.
 E = Turns spent auto-exploring this place as a percentage of non-inter-level travel turns spent in this place.
 F = Non-inter-level travel turns spent in this place divided by the number of levels of this place that you've seen.
                   A       B       C       D       E      F
               +-------+-------+-------+-------+-------+----------------------
         Total | 100.0 | 100.0 |   0.0 |   0.0 |   0.0 | 393.4
       Dungeon |  95.7 |  95.7 |   0.0 |   0.0 |   0.0 | 451.7
        Temple |   1.2 |   1.2 |   0.0 |   0.0 |   0.0 |  86.0
  Orcish Mines |   0.9 |   0.9 |   0.0 |   0.0 |   0.0 |  63.0
       Volcano |   2.2 |   2.2 |   0.0 |   0.0 |   0.0 | 158.0
               +-------+-------+-------+-------+-------+----------------------

Table legend:
 A = Kills in this place as a percentage of kills in entire the game.
 B = Kills by you in this place as a percentage of kills by you in the entire game.
 C = Kills by friends in this place as a percentage of kills by friends in the entire game.
 D = Other kills in this place as a percentage of other kills in the entire game.
 E = Experience gained in this place as a percentage of experience gained in the entire game.
 F = Experience gained in this place divided by the number of levels of this place that you have seen.
                   A       B       C       D       E      F
               +-------+-------+-------+-------+-------+----------------------
         Total | 100.0 | 100.0 | 100.0 |   N/A | 100.0 | 2654.6
       Dungeon |  93.3 |  93.2 | 100.0 |   N/A |  90.3 | 2876.1
  Orcish Mines |   1.9 |   1.9 |   0.0 |   N/A |   1.3 | 599.0
       Volcano |   4.9 |   4.9 |   0.0 |   N/A |   8.5 | 4043.0
               +-------+-------+-------+-------+-------+----------------------
